 Dungeon Crawl Stone Soup version 0.22.1-1-ga44c0e56f4 (webtiles) character file.

59101 Gargoyl the Envoy of Void (level 14, -2/118 HPs)
             Began as a Centaur Abyssal Knight on Nov 6, 2018.
             Was a High Priest of Lugonu.
             Incinerated by a deep elf mage (5 damage)
             ... with a sticky flame
             ... on level 1 of the Abyss.
             The game lasted 00:59:32 (31127 turns).

Gargoyl the Envoy of Void (Centaur Abyssal Knight) Turns: 31127, Time: 00:59:33

Health: -2/118     AC: 30    Str: 24    XL:     14   Next: 51%
Magic:  13/23      EV:  4    Int: 13    God:    Lugonu [*****.]
Gold:   1689       SH:  9    Dex: 14    Spells: 13/13 levels left

rFire    . . .     SeeInvis .   C - +3 hand axe (elec)
rCold    . . .     Gourm    .   x - +0 shield
rNeg     + . .     Faith    .   a - +0 chain mail of the Rose {-Cast rN+ rCorr Str+5 Stlth-}
rPois    +         Spirit   .   E - +1 hat {MR+}
rElec    .         Reflect  .   S - scarf {repulsion}
rCorr    +         Harm     .   d - +2 pair of gloves
MR       ++...     Clarity  +   z - +4 centaur barding Stlth ..........NoCast +
                                u - amulet of regeneration
HPRegen  0.69/turn              H - +4 ring of protection
MPRegen  0.18/turn              T - ring of poison resistance

@: liquid flames, glowing, repel missiles, very quick
A: large, hooves 3, thin skeletal structure 1, clarity, clever 1, deformed body,
speed 2, strong 1, tough skin 3
a: Depart the Abyss, Bend Space, Banish, Corrupt, Enter the Abyss, Renounce
Religion


You were on level 1 of the Abyss.
You worshipped Lugonu.
Lugonu was extremely pleased with you.
You were very hungry.

You visited 2 branches of the dungeon, and saw 19 of its levels.
You visited the Abyss 2 times.
You also visited: Labyrinth, Sewer and Bailey.

You collected 1689 gold pieces.

Inventory:

Hand Weapons
 y - the +8 long sword of Inuuffai {antimagic, MR+ Str+3}
   (You found it on level 8 of the Dungeon)

   It reduces the magical energy of the wielder, and disrupts the spells and
   magical abilities of those hit.
   Natural abilities and divine invocations are not affected.
   It affects your strength (+3).
   It affects your resistance to hostile enchantments.
 C - a +3 hand axe of electrocution (weapon)
 D - a +1 vampiric war axe
 F - a +1 war axe of flaming
Missiles
 O - 19 javelins of penetration (quivered)
Armour
 a - the +0 chain mail of the Rose (worn) {-Cast rN+ rCorr Str+5 Stlth-}
   (You found it on level 5 of the Lair of Beasts)

   It affects your strength (+5).
   It protects you from negative energy.
   It prevents spellcasting.
   It provides partial protection from all sources of acid and corrosion.
   It makes you less stealthy.
 d - a +2 pair of gloves (worn)
 x - a +0 shield (worn)
 z - a +4 centaur barding (worn)
 E - a +1 hat of magic resistance (worn)
 S - a scarf of repulsion (worn)
Jewellery
 o - an uncursed amulet of the acrobat
 u - an amulet of regeneration (around neck)
 A - the ring "Wesur" {*Tele +Blink rC+ Dex+4, unknown}
   (You found it in a labyrinth)

   [ring of teleportation]

   It may teleport you next to monsters.
   It affects your dexterity (+4).
   It protects you from cold.
   It lets you blink.
 G - an uncursed ring of see invisible
 H - a +4 ring of protection (left hand)
 T - a ring of poison resistance (right hand)
 V - an uncursed ring of protection from fire {unknown}
Wands
 j - a wand of flame (55)
 t - a wand of polymorph (29)
 K - a wand of scattershot (8)
 M - a wand of enslavement (12)
 N - a wand of clouds (5)
 P - a wand of iceblast (7)
 R - a wand of paralysis (24)
 U - a wand of disintegration (23)
Scrolls
 e - 5 scrolls of fog
 h - 4 scrolls of identify
 i - 12 scrolls of remove curse
 l - a scroll of magic mapping
 p - 7 scrolls of fear
 r - 8 scrolls of teleportation
 v - 3 scrolls of immolation
 B - 6 scrolls of blinking
 J - a scroll of amnesia
 L - a scroll of summoning
Potions
 b - a potion of berserk rage
 f - 3 potions of magic
 g - 4 potions of curing
 k - 2 potions of cancellation
 m - 5 potions of might
 n - a potion of haste
 q - 4 potions of ambrosia
 s - 3 potions of flight
 w - 3 potions of mutation
 I - 2 potions of brilliance
 Q - a potion of agility
Comestibles
 c - 30 rations


   Skills:
 + Level 9.6 Fighting
 + Level 11.5(12.0) Axes
   Level 5.8(9.5) Maces & Flails
 + Level 2.4 Throwing
 * Level 11.9 Armour
 + Level 3.1 Dodging
 + Level 2.9 Shields
 * Level 12.3 Invocations


You had 13 spell levels left.
You didn't know any spells.
Your spell library contained the following spells:

 Spells                   Type           Power        Failure   Level  Hunger
 Animate Skeleton         Necr           N/A          99%         1    ##.....
 Confusing Touch          Hex            #.....       99%         1    ##.....
 Magic Dart               Conj           #...         99%         1    ##.....
 Pain                     Necr           #...         99%         1    ##.....
 Sandblast                Erth           #.....       99%         1    ##.....
 Sting                    Conj/Pois      #...         99%         1    ##.....
 Blink                    Tloc           N/A          100%        2    ###....
 Call Imp                 Summ           #.......     100%        2    ###....
 Corpse Rot               Necr           N/A          100%        2    ###....
 Passwall                 Tmut/Erth      #.......     100%        2    ###....
 Poisonous Vapours        Pois/Air       #.....       100%        2    ###....
 Slow                     Hex            #.......     100%        2    ###....
 Confuse                  Hex            #.......     100%        3    ####...
 Conjure Flame            Conj/Fire      #.......     100%        3    ####...
 Gell's Gravitas          Tloc           #.........   100%        3    ####...
 Mephitic Cloud           Conj/Pois/Air  #.......     100%        3    ####...
 Regeneration             Chrm/Necr      #.........   100%        3    ####...
 Static Discharge         Conj/Air       #.......     100%        3    ####...
 Stone Arrow              Conj/Erth      #.....       100%        3    ####...
 Vampiric Draining        Necr           #.........   100%        3    ####...
 Animate Dead             Necr           N/A          100%        4    #####..
 Leda's Liquefaction      Hex/Erth       #.........   100%        4    #####..
 Olgreb's Toxic Radiance  Pois           #.......     100%        4    #####..
 Petrify                  Tmut/Erth      #.......     100%        4    #####..
 Summon Lightning Spire   Summ/Air       #.......     100%        4    #####..
 Bolt of Magma            Conj/Fire/Erth #.........   100%        5    ######.
 Iskenderun's Battlesphe  Conj/Chrm      #.......     100%        5    ######.
 Lee's Rapid Deconstruct  Erth           #.........   100%        5    ######.
 Lightning Bolt           Conj/Air       #.........   100%        5    ######.
 Metabolic Englaciation   Hex/Ice        #.........   100%        5    ######.
 Silence                  Hex/Air        #.........   100%        5    ######.
 Summon Forest            Summ/Tloc      #.........   100%        5    ######.
 Venom Bolt               Conj/Pois      #.........   100%        5    ######.
 Yara's Violent Unravell  Hex/Tmut       #.........   100%        5    ######.
 Conjure Ball Lightning   Conj/Air       #.........   100%        6    #######
 Deflect Missiles         Chrm/Air       #.........   100%        6    #######
 Hydra Form               Tmut           #.........   100%        6    #######
 Iron Shot                Conj/Erth      #.........   100%        6    #######
 Orb of Destruction       Conj           #.........   100%        7    #######
 Spellforged Servitor     Conj/Summ      #.........   100%        7    #######
 Summon Hydra             Summ           #.........   100%        7    #######
 Ignition                 Fire           #.........   100%        8    #######
 Shatter                  Erth           #.........   100%        9    #######
 Tornado                  Air            #.........   100%        9    #######


Dungeon Overview and Level Annotations

Branches:
Dungeon (13/15)            Temple (0/1) D:7            Lair (6/6) D:10
 Shoals (0/4) Lair:4       Spider (0/4) Lair:2        Slime (0/5) Lair:5
    Orc (0/2) D:9
 Vaults: D:13-14

Altars:
Cheibriados
Hepliaklqana
Nemelex Xobeh
Qazlal
Ru
Uskayaw
Vehumet
Xom
Yredelemnul
The Shining One

Shops:
D:11 %

Annotations:
D:12 2 runed doors


Innate Abilities, Weirdness & Mutations

You have hooves in place of feet.
Armour fits poorly on your strangely shaped body.
You cover ground very quickly.
You have extremely tough skin. (AC +3)
You have a somewhat thin skeletal structure. (Dex +2, Stealth)
You possess an exceptional clarity of mind.
Your mind is acute. (Int +2)
Your muscles are strong. (Str +2)


Message History

You are covered in liquid flames!
* * * LOW HITPOINT WARNING * * *
The deep elf mage gestures at you while chanting.
The bolt of fire hits you!
* * * LOW HITPOINT WARNING * * *
You see here an arrow.
You are covered in liquid flames!
* * * LOW HITPOINT WARNING * * *
You see here 2 arrows.
You are covered in liquid flames!
* * * LOW HITPOINT WARNING * * *
Okay, then.
To return, you must find a gate leading back.
Killing monsters will force the Abyss to allow you passage.
This branch contains the abyssal rune of Zot.
You are feeling very hungry.
Lugonu is no longer ready to corrupt your weapon.
A lich comes into view.
You are covered in liquid flames!
You die...

..# ..# ..#
#.# ##.#
..#
#.####...
#@.......
#........
#........
.........
.........
....L...?.
..........
..#........


You could see a lich (wandering).

Vanquished Creatures
  Gastronok (D:10)
  A minotaur (Lab)
  The ghost of Kniotic the Martial Artist, a journeyman OpMo of Dithmenos (Lair:3)
  Harold (D:9)
  2 two-headed ogres
  Erica (D:10)
  4 hydras
  A death yak (Lair:5)
  4 skeletal warriors (D:12)
  An obsidian statue (D:12)
  Pikel (D:9)
  A swamp dragon (Lair:6)
  A lindwurm (Lair:4)
  An ugly thing (D:13)
  A manticore (D:12)
  Joseph (D:9)
  6 elephants (Lair:2)
  4 centaur zombies
  4 black mambas
  A torpor snail (Lair:5)
  8 spiny frogs
  8 komodo dragons
  4 rime drakes
  A merfolk (Lair:4)
  3 jumping spiders (Lair:2)
  11 polar bears
  4 trolls
  A dream sheep (Lair:6)
  6 hippogriffs
  8 blink frogs
  3 raiju (Lair:6)
  4 redbacks (Lair:2)
  5 shadows (Lab)
  2 vampires (D:11)
  A wyvern (Lair:4)
  A human (D:8)
  Grum (D:9)
  Eustachio (D:6)
  A spectral komodo dragon (Lair:3)
  A death yak simulacrum (Lair:4)
  2 steam dragons
  A vampire mosquito (D:13)
  34 yaks
  6 hungry ghosts
  6 basilisks
  4 wargs (Lair:6)
  A hydra simulacrum (Lair:4)
  2 acid dragons (Lair:6)
  6 water moccasins
  13 hell hounds (Lair:6)
  Duvessa (D:7)
  11 porcupines
  3 ice beasts
  2 phantoms
  4 orc warriors
  A spectral torpor snail (Lair:4)
  13 black bears
  3 sky beasts (D:8)
  4 slaves (D:9)
  3 necrophages
  A black mamba simulacrum (Lair:4)
  2 eyes of draining (D:12)
  5 ogres
  23 wolves
  9 centaurs
  9 big kobolds
  15 crocodiles
  A gnoll sergeant (D:9)
  14 bullfrogs
  A spiny frog simulacrum (Lair:4)
  Dowan (D:7)
  A water moccasin zombie (D:8)
  3 scorpions
  4 killer bees (D:9)
  6 howler monkeys
  4 electric eels
  3 crimson imps
  A bullfrog zombie (D:12)
  4 lava snakes (Lab)
  3 orc priests
  12 hounds
  A jelly (D:10)
  4 centaur skeletons
  Jessica (D:2)
  4 iguanas
  8 orc wizards
  11 worker ants
  3 hound zombies
  4 hound skeletons
  11 gnolls
  A howler monkey skeleton (D:4)
  14 adders
  2 river rats (Sewer)
  3 shadow imps
  An adder skeleton (D:4)
  4 worms
  3 dart slugs
  6 leopard geckos
  33 orcs
  4 bats
  7 giant cockroaches
  12 goblins
  3 hobgoblins (D:3)
  6 jackals
  5 quokkas
  6 ball pythons
  34 kobolds
  14 rats
  2 bushes (Lair:3)
  A fungus (Lair:3)
  5 plants
567 creatures vanquished.

Vanquished Creatures (collateral kills)
  An ogre (D:9)
  A centaur skeleton (D:9)
2 creatures vanquished.

Vanquished Creatures (others)
  A fire dragon (Lair:6)
  4 oklob plants
  A jumping spider (Lair:2)
  A hornet (D:9)
  A raiju (Lair:6)
  An orc warrior (Bailey)
  3 electric eels (D:10)
  A kobold (D:10)
  7 fungi
  20 plants
40 creatures vanquished.

Grand Total: 609 creatures vanquished

Notes
Turn   | Place    | Note
-------+----------+-------------------------------------------
     0 | Abyss:1  | Gargoyl the Centaur Abyssal Knight began the quest for the
                  | Orb.
     0 | Abyss:1  | Reached XP level 1. HP: 19/19 MP: 2/2
    33 | Abyss:1  | Noticed a large abomination
    42 | Abyss:1  | Noticed a neqoxec
    51 | Abyss:1  | Gained mutation: You are frail. (-10% HP) [a neqoxec]
    61 | Abyss:1  | Noticed a small abomination
    70 | Abyss:1  | Noticed a large abomination
    91 | Abyss:1  | Found an ornate altar of the Wu Jian Council.
    96 | Abyss:1  | Noticed a small abomination
   110 | Abyss:1  | Noticed an apocalypse crab
   121 | Abyss:1  | Noticed an efreet
   123 | D:1      | Escaped the Abyss
   663 | D:1      | Reached XP level 2. HP: 23/23 MP: 3/3
   814 | D:1      | Reached * piety under Lugonu
   926 | D:2      | Found a radiant altar of Vehumet.
  1001 | D:2      | Noticed Jessica
  1013 | D:2      | Killed Jessica
  1013 | D:2      | Reached XP level 3. HP: 26/27 MP: 4/4
  1094 | D:2      | Found a shimmering altar of Xom.
  1469 | D:3      | Reached XP level 4. HP: 34/34 MP: 4/6
  1989 | D:3      | Found a hide-covered altar of Uskayaw.
  2209 | D:3      | HP: 1/35 [gnoll/halberd (11)]
  2810 | D:3      | Reached skill level 3 in Invocations
  2810 | D:3      | Reached XP level 5. HP: 20/41 MP: 7/7
  3467 | D:4      | Reached ** piety under Lugonu
  3637 | D:4      | Found a stormy altar of Qazlal.
  3716 | D:4      | Reached skill level 1 in Dodging
  3716 | D:4      | Reached XP level 6. HP: 34/46 MP: 8/8
  4782 | D:5      | Entered Level 5 of the Dungeon
  4817 | D:5      | Reached XP level 7. HP: 49/53 MP: 9/9
  4977 | D:5      | Found a sacrificial altar of Ru.
  5284 | D:5      | Reached skill level 4 in Invocations
  5999 | D:6      | Reached XP level 8. HP: 51/60 MP: 11/11
  6243 | D:6      | Reached skill level 5 in Armour
  6277 | D:6      | Lost mutation: You are frail. (-10% HP) [potion of
                  | mutation]
  6277 | D:6      | Gained mutation: You are dopey. (Int -2) [potion of
                  | mutation]
  6277 | D:6      | Gained mutation: Your spells are a little harder to cast,
                  | but a little more powerful. [potion of mutation]
  6665 | D:6      | Found a glowing drain.
  6673 | Sewer    | Entered a sewer
  6821 | Sewer    | Reached *** piety under Lugonu
  7036 | Sewer    | Reached skill level 5 in Invocations
  7216 | Sewer    | Reached skill level 5 in Axes
  7474 | D:6      | Noticed Eustachio
  7506 | D:6      | Killed Eustachio
  7929 | D:6      | Found a sparkling altar of Nemelex Xobeh.
  8062 | D:7      | Reached skill level 5 in Fighting
  8070 | D:7      | Reached XP level 9. HP: 65/74 MP: 13/13
  8074 | D:7      | Reached **** piety under Lugonu
  8175 | D:7      | Noticed Duvessa
  8177 | D:7      | Noticed Dowan
  8185 | D:7      | Killed Duvessa
  8201 | D:7      | Killed Dowan
  8629 | D:7      | Found a staircase to the Ecumenical Temple.
  9288 | D:8      | Found a hazy altar of Hepliaklqana.
  9380 | D:8      | Reached skill level 6 in Invocations
  9382 | D:8      | Reached skill level 1 in Throwing
  9799 | D:8      | Found a basalt altar of Yredelemnul.
 10102 | D:8      | Got a warped long sword
 10103 | D:8      | Identified the +8 long sword of Inuuffai {antimagic, MR+
                  | Str+3} (You found it on level 8 of the Dungeon)
 10271 | D:8      | Found a glowing golden altar of the Shining One.
 10352 | D:8      | Noticed an angel
 10631 | D:9      | Found a staircase to the Orcish Mines.
 10649 | D:9      | Noticed Pikel
 10697 | D:9      | Killed Pikel
 10697 | D:9      | Reached XP level 10. HP: 76/83 MP: 13/15
 10746 | D:9      | Noticed Grum
 11178 | D:9      | Killed Grum
 11226 | D:9      | Noticed Harold
 11248 | D:9      | Killed Harold
 11248 | D:9      | Reached skill level 7 in Invocations
 11436 | D:9      | Found a snail-covered altar of Cheibriados.
 11740 | D:9      | Reached ***** piety under Lugonu
 12240 | D:10     | Entered Level 10 of the Dungeon
 12289 | D:10     | Noticed Erica
 12781 | D:10     | Killed Erica
 12958 | D:10     | Paralysed by a hornet for 1 turns
 12990 | D:9      | Reached skill level 8 in Invocations
 13352 | D:10     | Reached XP level 11. HP: 59/91 MP: 17/17
 13428 | D:10     | Noticed Gastronok
 13430 | D:10     | Noticed Joseph
 13856 | D:9      | Killed Joseph
 14081 | D:10     | Killed Gastronok
 14607 | D:10     | Got a transparent dire flail
 14649 | D:10     | Identified the +6 dire flail "Embalmer" {flame, rPois Dex+2
                  | SInv} (You found it on level 10 of the Dungeon)
 14708 | D:10     | Found a staircase to the Lair.
 14861 | Lair:1   | Entered Level 1 of the Lair of Beasts
 15053 | Lair:1   | Reached skill level 1 in Maces & Flails
 15651 | Lair:1   | Reached skill level 9 in Invocations
 15948 | Lair:1   | Reached XP level 12. HP: 98/101 MP: 18/18
 16866 | Lair:2   | Reached skill level 5 in Maces & Flails
 16875 | Lair:2   | Reached skill level 10 in Invocations
 17672 | Lair:2   | Found a hole to the Spider Nest.
 17776 | Lair:2   | Reached skill level 10 in Armour
 19681 | Lair:3   | You fall through a shaft for 2 floors!
 19713 | Lair:5   | Got a scorched chain mail
 19909 | Lair:4   | Identified the +0 chain mail of the Rose {-Cast rN+ rCorr
                  | Str+5 Stlth-} (You found it on level 5 of the Lair of
                  | Beasts)
 20393 | Lair:4   | Found a dark tunnel.
 20609 | Lair:4   | Noticed an eight-headed hydra
 20620 | Lair:4   | Killed a three-headed hydra
 20838 | Lair:4   | Found a runed gate.
 20838 | Lair:4   | Found a runed gate.
 20838 | Lair:4   | Found a runed gate.
 20839 | Lair:4   | Noticed Kniotic's ghost (journeyman OpMo)
 20932 | Lair:4   | Found a staircase to the Shoals.
 21402 | Lair:5   | Reached XP level 13. HP: 91/108 MP: 21/21
 22460 | Lair:5   | Reached skill level 10 in Axes
 22558 | Lair:5   | Found a staircase to the Slime Pits.
 22562 | Lair:5   | Lost mutation: You are dopey. (Int -2) [potion of mutation]
 22562 | Lair:5   | Lost mutation: Your spells are a little harder to cast, but
                  | a little more powerful. [potion of mutation]
 22562 | Lair:5   | Gained mutation: Your muscles are strong. (Str +2) [potion
                  | of mutation]
 22562 | Lair:5   | Gained mutation: Your mind is acute. (Int +2) [potion of
                  | mutation]
 22562 | Lair:5   | Gained mutation: You have a somewhat thin skeletal
                  | structure. (Dex +2, Stealth) [potion of mutation]
 22562 | Lair:5   | Gained mutation: You possess an exceptional clarity of
                  | mind. [potion of mutation]
 22763 | Lair:6   | Entered Level 6 of the Lair of Beasts
 23450 | Lair:3   | Killed Kniotic's ghost
 23450 | Lair:3   | Reached skill level 11 in Invocations
 25427 | Lair:6   | Noticed a fire dragon
 25452 | Lair:6   | Banished a fire dragon
 26099 | Lair:6   | Reached skill level 1 in Shields
 26867 | Lair:6   | Reached XP level 14. HP: 28/118 MP: 22/22
 27904 | D:11     | Found a flagged portal.
 27947 | Bailey   | Entered a bailey
 28607 | D:12     | Reached skill level 12 in Invocations
 28747 | D:11     | Found Gef Car's Food Emporium.
 29008 | D:12     | Found a labyrinth entrance.
 29017 | Lab      | Entered a labyrinth
 29687 | Lab      | Got a warped lead ring
 29990 | D:12     | Found a runed door.
 30007 | D:12     | Found a runed door.
 30041 | D:12     | Found a runed door.
 30053 | D:12     | Found a runed door.
 30282 | D:12     | Reached ****** piety under Lugonu
 30773 | D:13     | Found a hide-covered altar of Uskayaw.
 31126 | D:13     | HP: 4/118 [burnt (6)]
 31127 | Abyss:1  | Noticed a lich
 31127 | Abyss:1  | Incinerated by a deep elf mage

Skill      XL: |  1  2  3  4  5  6  7  8  9 10 11 12 13 14 |
---------------+-------------------------------------------+-----
Axes           | 2 3 4 5 7 8 9 10 11 | 11.5
Armour         | 2 3 4 5 7 8 9 10 11 | 11.9
Invocations    | 3 4 5 6 8 9 10 11 12 | 12.3
Dodging        | 1 2 3 |  3.1
Fighting       | 4 5 6 7 8 9 |  9.6
Throwing       | 1 2 |  2.4
Maces & Flails | 4 5 |  5.8
Shields        | 1 2 |  2.9

Action                   |  1- 3 |  4- 6 |  7- 9 | 10-12 | 13-15 || total
-------------------------+-------+-------+-------+-------+-------++-------
Melee: Hand axe          |    68 |   173 |   574 |   470 |   829 ||  2114
       Kick              |    13 |    34 |   121 |   214 |   354 ||   736
       Dire flail        |       |       |       |   282 |       ||   282
       War axe           |       |       |       |    26 |    32 ||    58
Throw: Tomahawk          |       |       |    12 |     9 |       ||    21
       Javelin           |       |       |     9 |    17 |       ||    26
Invok: Depart the Abyss  |     1 |       |       |       |       ||     1
       Banish            |       |       |       |    11 |     7 ||    18
       Bend Space        |       |       |       |     2 |     4 ||     6
       Enter the Abyss   |       |       |       |       |     1 ||     1
  Use: Scroll            |     9 |     2 |    14 |     4 |    10 ||    39
       Potion            |       |     1 |     5 |     4 |     6 ||    16
  Eat: Chunk             |       |     9 |    18 |    18 |    23 ||    68
       Ration            |       |       |     2 |     8 |     4 ||    14
Armor: Ring mail         |    30 |    93 |    39 |       |       ||   162
       Plate armour      |       |       |   377 |   703 |       ||  1080
       Skin              |       |       |    19 |       |       ||    19
       Chain mail        |       |       |       |    85 |   539 ||   624
Dodge: Dodged            |    36 |    99 |   110 |   182 |   357 ||   784
       Deflected         |       |       |       |       |     1 ||     1
Block: Shield            |       |       |       |       |   325 ||   325
